 Dungeon Crawl Stone Soup version 0.24-a0-698-g60d090ba07 (webtiles) character file.

191 pskda the Skirmisher (level 5, -1/51 HPs)
             Began as a Hill Orc Abyssal Knight on Nov 5, 2018.
             Was a Priest of Lugonu.
             Slain by an ogre
             ... wielding a cursed -1 giant spiked club
              (13 damage)
             ... on level 4 of the Dungeon on June 30, 2020.
             The game lasted 00:13:05 (4004 turns).

pskda the Skirmisher (Hill Orc Abyssal Knight)      Turns: 4004, Time: 00:13:06

Health: -1/51      AC: 18    Str: 16    XL:     5   Next: 70%
Magic:  6/6        EV:  5    Int: 12    God:    Lugonu [***...]
Gold:   169        SH:  0    Dex: 10    Spells: 4/4 levels left

rFire    + . .     SeeInvis .   a - +1 hand axe
rCold    . . .     Gourm    .   (no shield)
rNeg     . . .     Faith    .   m - +4 plate armour
rPois    .         Spirit   .   (no helmet)
rElec    .         Reflect  .   g - +0 cloak
rCorr    .         Harm     .   (no gloves)
MR       .....                  (no boots)
Stlth    ..........             (no amulet)
HPRegen  0.17/turn              (no ring)
MPRegen  0.10/turn              (no ring)

@: lethally poisoned (-1 -> -3)
A: rugged brown scales 1, fire resistance 1
a: Depart the Abyss, Bend Space, Banish, Renounce Religion


You were on level 4 of the Dungeon.
You worshipped Lugonu.
Lugonu was most pleased with you.
You were not hungry.

You visited 1 branch of the dungeon, and saw 4 of its levels.
You visited the Abyss 1 time.

You collected 169 gold pieces.

Inventory:

Hand Weapons
 a - a +1 hand axe (weapon)
Armour
 b - a +0 leather armour
 g - a +0 cloak (worn)
 m - a +4 plate armour (worn)
Scrolls
 d - 5 scrolls of identify
 f - 4 scrolls of amnesia {unknown}
 h - a scroll of fog {unknown}
 i - a scroll of remove curse {unknown}
 j - a scroll of blinking {unknown}
 k - 3 scrolls of teleportation {unknown}
 o - a scroll of enchant weapon {unknown}
Potions
 e - a potion of ambrosia {unknown}
 n - a potion of curing {unknown}
Comestibles
 c - 3 rations


   Skills:
 * Level 5.9 Fighting
 + Level 2.6 Axes
 + Level 4.5 Armour
 + Level 0.7 Dodging
 + Level 2.5 Invocations


You had 4 spell levels left.
You didn't know any spells.
Your spell library contained the following spells:

 Spells                   Type           Power        Failure   Level  Hunger
 Animate Skeleton         Necr           N/A          100%        1    ##.....
 Apportation              Tloc           #.....       100%        1    ##.....
 Confusing Touch          Hex            #.....       100%        1    ##.....
 Summon Small Mammal      Summ           #...         100%        1    ##.....


Dungeon Overview and Level Annotations

Branches:
Dungeon (4/15)
 Temple: D:4-7

Altars:
Fedhas


Innate Abilities, Weirdness & Mutations

You are partially covered in rugged brown scales. (AC +1, +3% HP)
Your flesh is heat resistant. (rF+)


Message History

You feel sick. The worker ant barely misses you.
You feel sick.
The worker ant bites you but does no damage.
You open the door.
You feel sick. The worker ant completely misses you.
You feel sick. The worker ant barely misses you.
There is an open door here.
You feel sick. The worker ant barely misses you.
You feel sick.
The worker ant bites you but does no damage.
The worker ant bites you.
You feel sick.
You see here a ration.
You feel sick.
Your plate armour prevents you from hitting the ogre.
The ogre hits you with a cursed -1 giant spiked club.
* * * LOW HITPOINT WARNING * * *
You feel sick.
The ogre hits you with a cursed -1 giant spiked club!
You die...

# #<# ######+#.#
#.#.###....#.#.#
##............#.#####.#
#.............[.......#
##.#####....###.#########
#. #....# #..............
#. #....#####............
# #....#.Oa.............
#....#@###............
#....#.#.'............
######.#.#............
#.#..........?...
#.#..............
#.#..............
#.#........?.....
#.##.............
................


You could see an ogre and a worker ant.

Vanquished Creatures
  Crazy Yiuf (D:2)
  Robin (D:2)
  6 adders
  3 dart slugs (D:1)
  4 leopard geckos
  11 bats
  5 giant cockroaches
  22 goblins
  9 hobgoblins
  7 jackals
  5 kobolds
  A quokka (D:3)
  4 frilled lizards
  5 rats
84 creatures vanquished.

Notes
Turn   | Place    | Note
-------+----------+-------------------------------------------
     0 | Abyss:1  | pskda the Hill Orc Abyssal Knight began the quest for the
                  | Orb.
     0 | Abyss:1  | Reached XP level 1. HP: 19/19 MP: 2/2
     7 | D:1      | Escaped the Abyss
    51 | D:1      | Reached skill level 4 in Fighting
    79 | D:1      | Reached XP level 2. HP: 16/27 MP: 3/3
   484 | D:1      | Reached XP level 3. HP: 25/34 MP: 4/4
   545 | D:1      | Reached ** piety under Lugonu
  1003 | D:2      | Found a blossoming altar of Fedhas.
  1246 | D:2      | Found a runed door.
  1335 | D:2      | Noticed Robin
  1337 | D:2      | Reached XP level 4. HP: 21/41 MP: 5/5
  1357 | D:2      | Reached skill level 5 in Fighting
  1362 | D:2      | Killed Robin
  1711 | D:2      | Gained mutation: Your flesh is heat resistant. (rF+)
                  | [potion of mutation]
  1711 | D:2      | Gained mutation: You are partially covered in rugged brown
                  | scales. (AC +1, +3% HP) [potion of mutation]
  2579 | D:2      | Noticed Crazy Yiuf
  2582 | D:2      | Paralysed by Crazy Yiuf for 6 turns
  2591 | D:2      | Killed Crazy Yiuf
  2591 | D:2      | Reached XP level 5. HP: 9/49 MP: 6/6
  3059 | D:3      | Upgraded the game from 0.23-a0-404-g0063841 to
                  | 0.24-a0-698-g60d090ba07
  3064 | D:3      | Reached *** piety under Lugonu
  3972 | D:4      | Noticed an ogre
  4004 | D:4      | Slain by an ogre

Levels and vault maps discovered:
D:1:      dpeg_arrival_arbitrary_c, serial_glass, glass_columns_b,
          glass_columns_b
D:2:      fedhas_altar_2, uniq_robin, uniq_crazy_yiuf_cottage
D:4:      layout_basic, first_ration

Skill      XL: |  1  2  3  4 |
---------------+-------------+-----
Fighting       | 4 5 |  5.9
Armour         | 3 4 |  4.5
Axes           | |  2.6
Dodging        | |  0.7
Invocations    | |  2.5

Action                   |  1- 3 |  4- 6 || total
-------------------------+-------+-------++-------
Melee: Hand axe          |   131 |   155 ||   286
  Use: Scroll            |     1 |       ||     1
       Potion            |       |     5 ||     5
  Eat: Chunk             |     1 |     2 ||     3
       Ration            |       |     2 ||     2
Armor: Leather armour    |    54 |    54 ||   108
       Plate armour      |       |    34 ||    34
Dodge: Dodged            |    99 |   123 ||   222

Table legend:
 A = Non-vault XP
 B = Vault XP
 C = Vault XP percentage of total XP
 D = Non-vault monster count
 E = Vault monster count
 F = Vault count percentage of total count
                 A         B        C        D         E       F
            +---------+---------+-------+---------+---------+-------
      Total |     199 |      75 |  27.4 |      72 |      12 |  14.3
            +---------+---------+-------+---------+---------+-------
        D:1 |      65 |       0 |   0.0 |      32 |       0 |   0.0
        D:2 |      47 |      75 |  61.5 |      15 |      12 |  44.4
        D:3 |      83 |       0 |   0.0 |      23 |       0 |   0.0
        D:4 |       4 |       0 |   0.0 |       2 |       0 |   0.0
            +---------+---------+-------+---------+---------+-------
